 Dungeon Crawl Stone Soup version 0.31-a0-1612-g4aaf141004 (webtiles) character file.

Game seed: 12990011342977831207

12935 bmb222 the Basher (level 12, -14/97 HPs)
             Began as a Formicid Fighter on Jan 9, 2024.
             Demolished by a minotaur
             ... wielding a +2 glaive of holy wrath
              (30 damage)
             ... in a Gauntlet.
             The game lasted 00:15:24 (9919 turns).

bmb222 the Basher (Formicid Fighter)                Turns: 9919, Time: 00:15:25

Health: -14/97     AC: 18    Str: 30    XL:     12   Next: 26%
Magic:  12/12      EV: 11    Int: 10    God:
Gold:   599        SH:  7    Dex: 13    Spells: 11/11 levels left

rFire   . . .        a - +2 flail (freeze)
rCold   + . .        c - +2 buckler
rNeg    . . .        N - +3 ring mail {rC+}
rPois   .            (helmet unavailable)
rElec   .            Q - +2 cloak {Will+}
rCorr   .            (no gloves)
SInv    +            y - +0 pair of boots
Will    ++++.        l - amulet of regeneration
Stlth   +            h - ring of willpower
HPRegen 1.16/turn    n - +6 ring of strength
MPRegen 0.13/turn

%: no passive effects
@: brilliant, enlightened, flying
A: permanent stasis, dig shafts and tunnels, antennae 3, four strong arms,
iridescent scales 1, shaggy fur 1
a: Dig


You were in a Gauntlet.
You visited 2 branches of the dungeon, and saw 12 of its levels.
You also visited: Gauntlet.

You collected 599 gold pieces.

Inventory:

Hand Weapons
 a - a +2 flail of freezing (weapon)
 D - a +1 whip of venom
 O - a +0 dire flail
Missiles
 B - 2 throwing nets
Armour
 b - a +0 scale mail
 c - a +2 buckler (worn)
 m - the +0 cloak of Ucaush {-Cast Str+6}
   (You found it in a Gauntlet)

   Str+6:     It affects your strength (+6).
   -Cast:     It prevents spellcasting.
 u - a +0 chain mail
 y - a +0 pair of boots (worn)
 G - a scarf of harm
 M - a +2 ring mail of poison resistance
 N - a +3 ring mail of cold resistance (worn)
 Q - a +2 cloak of willpower (worn)
Jewellery
 h - a ring of willpower (left hand)
 l - an amulet of regeneration (around neck)
 n - a +6 ring of strength (right hand)
 t - a ring of magical power
 H - an amulet of reflection
 K - a ring of ice
 U - a ring of positive energy
Wands
 d - a wand of light (7)
 r - a wand of polymorph (6)
 C - a wand of flame (48)
 J - a wand of charming (30)
 S - a wand of mindburst (8)
Scrolls
 f - 3 scrolls of poison
 o - a scroll of silence
 q - 4 scrolls of vulnerability
 v - 2 scrolls of noise
 w - 8 scrolls of teleportation
 F - a scroll of enchant weapon
 P - a scroll of brand weapon
 T - a scroll of blinking
Potions
 e - 3 potions of heal wounds
 g - 7 potions of curing
 j - a potion of haste
 k - 5 potions of lignification
 p - a potion of resistance
 x - 2 potions of magic
 z - 2 potions of attraction
 A - 4 potions of degeneration
 I - a potion of mutation
 R - a potion of enlightenment
Miscellaneous
 i - a tin of tremorstones (2/2)


   Skills:
 - Level 10.0 Fighting
 - Level 14.0 Maces & Flails
 + Level 10.0 Armour
 + Level 2.1 Dodging
 + Level 6.2 Shields


You had 11 spell levels left.
You didn't know any spells.
Your spell library contained the following spells:

 Spells                   Type           Power      Damage    Failure   Level
 Sandblast                Erth           0%         2d4       50%         1
 Slow                     Hex            0%         N/A       50%         1
 Static Discharge         Conj/Air       0%         3-3/arc   65%         2
 Sublimation of Blood     Necr           0%         N/A       65%         2
 Confusing Touch          Hex            0%         N/A       86%         3
 Gell's Gravitas          Tloc           0%         N/A       86%         3
 Hailstorm                Conj/Ice       0%         3d5       86%         3
 Passwall                 Erth           0%         N/A       86%         3
 Sigil of Binding         Hex            0%         N/A       86%         3
 Stone Arrow              Conj/Erth      0%         3d7       86%         3
 Vampiric Draining        Necr           0%         2d6       86%         3
 Volatile Blastmotes      Fire/Tloc      0%         2d10      86%         3
 Airstrike                Air            0%         2d(0-16)  99%         4
 Brom's Barrelling Bould  Conj/Erth      0%         2d3       99%         4
 Dimensional Bullseye     Hex/Tloc       0%         N/A       99%         4
 Passage of Golubria      Tloc           0%         N/A       99%         4
 Petrify                  Alch/Erth      0%         N/A       99%         4
 Summon Lightning Spire   Summ/Air       0%         N/A       99%         4
 Arcjolt                  Conj/Air       0%         1d10      100%        5
 Irradiate                Conj/Alch      0%         3d11      100%        5
 Plasma Beam              Fire/Air       0%         2x1d10    100%        6
 Starburst                Conj/Fire      0%         6d3       100%        6
 Ignition                 Fire           0%         3d3       100%        8
 Vhi's Electric Charge    Tloc/Air       Unusable   N/A       N/A         4

Dungeon Overview and Level Annotations

Branches:
Dungeon (11/15)            Temple (1/1) D:6            Lair (0/5) D:11
    Orc (0/2) D:9         Gauntlet (1/1)

Altars:
Ashenzari
Cheibriados
Dithmenos
Elyvilon
Fedhas
Gozag
Hepliaklqana
Kikubaaqudgha
Makhleb
Nemelex Xobeh
Okawaru
Qazlal
Ru
Sif Muna
Trog
Uskayaw
Vehumet
Wu Jian
Xom
Yredelemnul
Zin
The Shining One

Shops:
D:1 !   D:10 =

Annotations:
D:2 1 runed translucent door, Crazy Yiuf
D:4 3 runed translucent doors, HilariousDeathArtist's ghost, amateur DEAr
D:11 exclusion: obsidian statue Gauntlet 6 transporters, exclusion: oklob plant


Innate Abilities, Weirdness & Mutations

You cannot be hasted, slowed, berserked, paralysed or teleported.
You can dig through walls and to a lower floor.
You have a pair of large antennae on your head. (SInv)
Your four strong arms can wield two-handed weapons with a shield.
You are partially covered in iridescent scales. (AC +2)
You are covered in fur. (AC +1)


Message History

The bolt of light misses the minotaur.
The minotaur throws a javelin.
The javelin barely misses you.
Aiming: Bolt of Light
Press: ? - help, Shift-Dir - straight line, f/p - minotaur
Aim: a minotaur, wielding a +2 glaive of holy wrath, wearing a +0 chain mail and quivering javelins (moderately wounded, blind, unable to see you, 83% to hit)
The bolt of light hits the minotaur but does no damage.
The minotaur is moderately wounded.
The minotaur closely misses you.
Aiming: Bolt of Light
Press: ? - help, Shift-Dir - straight line, f/p - minotaur
Aim: a minotaur, wielding a +2 glaive of holy wrath, wearing a +0 chain mail and quivering javelins (moderately wounded, blind, unable to see you, 83% to hit)
The bolt of light hits the minotaur.
The minotaur is moderately wounded.
The minotaur hits you from afar with a +2 glaive of holy wrath.
The minotaur is no longer blind.
The minotaur hits you with a +2 glaive of holy wrath!
The minotaur closely misses you.
You hit the minotaur but do no damage.
The minotaur is moderately wounded.
You block the minotaur's attack. The minotaur barely misses you.
You hit the minotaur. You freeze the minotaur.
The minotaur is moderately wounded.
You bludgeon the minotaur!! You freeze the minotaur.
The minotaur is heavily wounded.
The minotaur hits you with a +2 glaive of holy wrath!!
The minotaur gores you!
You completely miss the minotaur.
The minotaur is heavily wounded.
The minotaur hits you with a +2 glaive of holy wrath!!
* * * LOW HITPOINT WARNING * * *
The minotaur gores you but does no damage.
Unknown command.
Aiming: Bolt of Light
Press: ? - help, Shift-Dir - straight line, f/p - minotaur
Aim: a minotaur, wielding a +2 glaive of holy wrath, wearing a +0 chain mail and quivering javelins (heavily wounded, 83% to hit)
The bolt of light hits the minotaur.
The minotaur is severely wounded.
The minotaur is blinded.
The minotaur hits you with a +2 glaive of holy wrath!!
You die...

.#....#..#.#..###
.#...#..#.!#..#
##..#..#..##..#####
.#.#..#..#.#..#≈8≈#
§##.©#..#.©#..#...##
.#.#..#..#.#..#.8...
##..#..#..##..#...###.##
.#...#..#.3#..#.8.......
.#....#..#*#..#.@H#.
.###########..#...#
.............≈#.©.#
≈............∩#...#
.............§#.©.#
.###########..#...# #
.##.....xX##..#...#.#
.#.#.....#x#..#.8....
##..#...#.x#..#...###


You could see a minotaur (blind, unable to see you), a wretched star, a large
abomination, a neqoxec and a small abomination.

Vanquished Creatures
  Josephine (D:10)
  Erolcha (D:9)
  2 two-headed ogres
  An orange crystal statue (Gauntlet)
  Pikel (D:6)
  An oklob plant (Gauntlet)
  An ugly thing (D:11)
  Maurice (D:9)
  Joseph (D:9)
  A komodo dragon (D:10)
  Prince Ribbit (D:9)
  A shadow (D:10)
  16 yaks
  5 wraiths (D:10)
  A steam dragon (D:5)
  Menkaure (D:6)
  3 acid dragons
  A water moccasin (D:6)
  5 orc warriors (D:9)
  A sky beast (D:8)
  An ice beast (D:5)
  An ogre (D:5)
  2 small abominations (Gauntlet)
  3 kobold brigands
  2 bullfrogs
  A gnoll sergeant (D:8)
  2 scorpions (D:6)
  15 wights
  10 killer bees
  5 howler monkeys
  An electric eel (D:9)
  3 bombardier beetles
  3 hounds
  5 orc priests (D:9)
  A gnoll bouda (D:9)
  2 jellies
  Jessica (D:2)
  Terence (D:2)
  An iguana (D:5)
  5 orc wizards
  A sleepcap (D:6)
  Robin (D:2)
  8 gnolls
  7 adders
  2 shadow imps
  6 ufetubi
  6 dart slugs
  4 ribbon worms
  18 orcs
  4 bats
  9 endoplasms
  7 giant cockroaches
  14 goblins
  6 hobgoblins
  8 jackals
  23 kobolds
  3 quokkas
  11 ball pythons
  5 frilled lizards
  4 rats
258 creatures vanquished.

Vanquished Creatures (others)
  An arcanist (D:10)
1 creature vanquished.

Grand Total: 259 creatures vanquished

Notes
Turn   | Place    | Note
-------+----------+-------------------------------------------
     0 | D:1      | bmb222 the Formicid Fighter began the quest for the Orb.
     0 | D:1      | Reached XP level 1. HP: 18/18 MP: 1/1
   118 | D:1      | Reached XP level 2. HP: 18/24 MP: 2/2
   205 | D:1      | Found a faded altar of an unknown god.
   225 | D:1      | Found Yream's Distillery.
   405 | D:1      | Reached XP level 3. HP: 29/29 MP: 3/3
   582 | D:2      | Found a runed translucent door.
   583 | D:2      | Noticed Crazy Yiuf
   700 | D:2      | Noticed Terence
   710 | D:2      | Killed Terence
   711 | D:2      | Reached XP level 4. HP: 23/37 MP: 4/4
   798 | D:2      | Noticed Jessica
   804 | D:2      | Killed Jessica
   894 | D:2      | Reached XP level 5. HP: 39/42 MP: 5/5
  1132 | D:2      | Reached skill level 5 in Shields
  1156 | D:2      | Found a shadowy altar of Dithmenos.
  1204 | D:2      | Reached skill level 3 in Maces & Flails
  1263 | D:2      | Noticed Robin
  1277 | D:2      | Killed Robin
  1382 | D:2      | Got the Compilation of Galvanic Arson
  1891 | D:3      | Found a white marble altar of Elyvilon.
  2279 | D:4      | Reached XP level 6. HP: 49/49 MP: 6/6
  2314 | D:4      | Noticed an orc warrior
  2315 | D:4      | Found a runed translucent gate.
  2315 | D:4      | Found a runed translucent gate.
  2315 | D:4      | Found a runed translucent gate.
  2315 | D:4      | Noticed HilariousDeathArtist's ghost (amateur DEAr)
  2362 | D:4      | Reached skill level 4 in Maces & Flails
  2515 | D:4      | Found an ancient bone altar of Kikubaaqudgha.
  2516 | D:4      | Found a shimmering blue altar of Sif Muna.
  2516 | D:4      | Found a basalt altar of Yredelemnul.
  2908 | D:5      | Entered Level 5 of the Dungeon
  3067 | D:5      | Noticed an ice beast
  3079 | D:5      | Killed an ice beast
  3080 | D:5      | Reached skill level 5 in Fighting
  3080 | D:5      | Reached XP level 7. HP: 51/56 MP: 7/7
  3114 | D:5      | Reached skill level 5 in Armour
  3362 | D:5      | Reached skill level 5 in Maces & Flails
  3421 | D:5      | Gained mutation: Your spells are a little harder to cast,
                  | but a little more powerful. [potion of mutation]
  3422 | D:5      | Lost mutation: Your spells are a little harder to cast, but
                  | a little more powerful. [potion of mutation]
  3422 | D:5      | Gained mutation: You are covered in fur. (AC +1) [potion of
                  | mutation]
  3422 | D:5      | Gained mutation: You are partially covered in iridescent
                  | scales. (AC +2) [potion of mutation]
  3781 | D:5      | Noticed a steam dragon
  3789 | D:5      | Killed a steam dragon
  3790 | D:5      | Reached XP level 8. HP: 63/64 MP: 8/8
  4109 | D:6      | Noticed Menkaure
  4119 | D:6      | Killed Menkaure
  4120 | D:6      | Reached skill level 6 in Maces & Flails
  4392 | D:6      | Noticed Pikel
  4405 | D:6      | Killed Pikel
  4406 | D:6      | Reached XP level 9. HP: 57/72 MP: 9/9
  4629 | D:6      | Found a staircase to the Ecumenical Temple.
  4775 | Temple   | Entered the Ecumenical Temple
  4916 | D:7      | Reached skill level 7 in Maces & Flails
  5599 | D:8      | Noticed a two-headed ogre
  5606 | D:8      | Killed a two-headed ogre
  5656 | D:8      | Found a snail-covered altar of Cheibriados.
  5699 | D:7      | Reached XP level 10. HP: 44/82 MP: 10/10
  5745 | D:7      | Reached skill level 8 in Maces & Flails
  6832 | D:9      | Got Sif Muna's Catalogue of Gelid Places
  6834 | D:9      | Noticed Joseph
  6852 | D:9      | Killed Joseph
  6977 | D:9      | Found Wahaloim's Distillery.
  7068 | D:9      | Reached skill level 9 in Maces & Flails
  7069 | D:9      | Reached skill level 10 in Fighting
  7194 | D:9      | Found a burning altar of Makhleb.
  7194 | D:9      | Found a broken altar of Ashenzari.
  7266 | D:9      | Noticed Erolcha
  7283 | D:9      | Killed Erolcha
  7341 | D:9      | Found a hide-covered altar of Uskayaw.
  7341 | D:9      | Noticed Maurice
  7342 | D:9      | Maurice stole a +1 whip of venom
  7349 | D:9      | Maurice stole a ring of magical power
  7393 | D:9      | Killed Maurice
  7394 | D:9      | Reached skill level 10 in Maces & Flails
  7394 | D:9      | Reached XP level 11. HP: 79/90 MP: 0/11
  7553 | D:9      | Found a staircase to the Orcish Mines.
  7852 | D:9      | Noticed Prince Ribbit
  7869 | D:9      | Killed Prince Ribbit
  7870 | D:9      | Reached skill level 11 in Maces & Flails
  8048 | D:10     | Entered Level 10 of the Dungeon
  8175 | D:10     | Reached skill level 12 in Maces & Flails
  8583 | D:10     | Found Rasej's Jewellery Shoppe.
  8595 | D:10     | Noticed a two-headed ogre
  8602 | D:10     | Killed a two-headed ogre
  8735 | D:10     | Found a bloodstained altar of Trog.
  8737 | D:10     | Noticed a wizard
  8742 | D:10     | Killed a wizard
  8964 | D:11     | Noticed Josephine
  8985 | D:10     | Killed Josephine
  8986 | D:10     | Reached skill level 13 in Maces & Flails
  9121 | D:11     | Noticed an obsidian statue
  9126 | D:11     | Noticed a death yak
  9203 | D:11     | Noticed a red ugly thing
  9224 | D:11     | Killed a red ugly thing
  9225 | D:11     | Reached XP level 12. HP: 71/97 MP: 12/12
  9280 | D:11     | Reached skill level 14 in Maces & Flails
  9307 | D:11     | Found a gate leading to a gauntlet.
  9311 | Gauntlet | Entered a Gauntlet
  9311 | Gauntlet | Found a transporter.
  9311 | Gauntlet | Found a transporter.
  9311 | Gauntlet | Found a transporter.
  9312 | Gauntlet | Found a transporter.
  9315 | Gauntlet | Found a transporter.
  9315 | Gauntlet | Found a transporter.
  9323 | Gauntlet | Noticed a death drake
  9325 | Gauntlet | Found a transporter.
  9329 | Gauntlet | Found a transporter.
  9333 | Gauntlet | Noticed a large abomination
  9335 | Gauntlet | Noticed a wretched star
  9343 | Gauntlet | Found a transporter.
  9444 | Gauntlet | Found a transporter.
  9446 | Gauntlet | Found a transporter.
  9454 | Gauntlet | Found a transporter.
  9607 | Gauntlet | Reached skill level 1 in Dodging
  9661 | Gauntlet | Noticed an arcanist
  9849 | Gauntlet | Identified the +0 cloak of Ucaush {-Cast Str+6}
  9865 | Gauntlet | Reached skill level 10 in Armour
  9906 | Gauntlet | Noticed a minotaur
  9919 | Gauntlet | Demolished by a minotaur

Illustrated notes

Levels and vault maps discovered:
D:1:      wheals_arrival_linesprint, layout_rooms, serial_shops, shop,
          chequers_ecumenical_altar_grove
D:2:      layout_basic, basic_altar, skrybe_limestone_x, hex_medium,
          minmay_surrounded, uniq_crazy_yiuf_cottage, uniq_terence, uniq_robin,
          uniq_jessica
D:3:      layout_rooms, mainiacjoe_overflow_small_starburst,
          kennysheep_decorative_pillar, minmay_vboxes
D:4:      layout_gridville, gammafunk_temple_overflow_forgotten,
          gammafunk_ghost_split
D:5:      layout_basic
D:6:      layout_loops_ring, minmay_temple_entry_statues_pillars, uniq_menkaure,
          uniq_pikel
D:7:      layout_loops_ring, minmay_misc_feat_x, kennysheep_generic_room_14
D:8:      layout_gridville, amcnicky_altar_gilded, reono_crystal_passage
D:9:      layout_grid_maze, nicolae_uskayaw_dance_studio,
          nicolae_overflow_two_pavilions, minmay_orc_entry_temple_small,
          serial_shops, nicolae_shop_temple_entry_statues_fountains,
          uniq_joseph, uniq_erolcha, uniq_prince_ribbit1, uniq_maurice
D:10:     layout_small_grid, trog_wizard, serial_shops, shop, serial_rivers,
          chequers_serial_rivers_large_b, chequers_serial_rivers_room_b,
          chequers_serial_rivers_micro_e, chequers_serial_rivers_micro_e
D:11:     layout_gridville, dpeg_lair_monsters, gauntlet_entry_generic,
          minivault_16, uniq_josephine
Temple:   nicolae_temple_ecumenical_triangle
Gauntlet: gammafunk_gauntlet_hard_choice [gammafunk_gauntlet_arena_teeth,
          gammafunk_gauntlet_arena_corners, nicolae_gauntlet_arena_grate_2,
          gammafunk_gauntlet_arena_hedges, nicolae_gauntlet_arena_x,
          gammafunk_gauntlet_arena_arrow_garden,
          nicolae_gauntlet_exit_dead_adventurers]

Skill      XL: |  1  2  3  4  5  6  7  8  9 10 11 12 |
---------------+-------------------------------------+-----
Fighting       | 4 5 6 7 8 10 | 10.0
Armour         | 4 5 7 8 9 10 | 10.0
Shields        | 5 6 |  6.2
Maces & Flails | 3 4 5 6 7 10 13 14 | 14.0
Dodging        | 2 |  2.1

Action                     |  1- 3 |  4- 6 |  7- 9 | 10-12 || total
---------------------------+-------+-------+-------+-------++-------
  Melee: Flail             |    80 |   189 |   241 |   531 ||  1041
         Whip              |       |       |     9 |       ||     9
Ability: Dig               |       |       |       |     3 ||     3
  Evoke: Wand              |       |       |     1 |     6 ||     7
    Use: Scroll            |       |       |    16 |     8 ||    24
         Potion            |       |       |     4 |     5 ||     9
 Armour: Scale mail        |    48 |   125 |       |       ||   173
         Chain mail        |       |     7 |   246 |   104 ||   357
         Ring mail         |       |       |       |   299 ||   299
  Dodge: Dodged            |    45 |    87 |   127 |   253 ||   512
  Block: Buckler           |    27 |    43 |    92 |   150 ||   312

Table legend: (Time is in decaauts)
 A = Elapsed time spent in this place.
 B = Non-inter-level travel time spent in this place.
 C = Inter-level travel time spent in this place.
 D = Time resting spent in this place.
 E = Time spent auto-exploring this place.
 F = Levels seen in this place.
 G = Mean time per level.
                   A        B        C        D        E       F      G
               +--------+--------+--------+--------+--------+-----+--------+
         Total |   9986 |   9246 |    740 |    910 |   6040 |  13 |  768.2 |
       Dungeon |   9368 |   8629 |    739 |    693 |   5916 |  11 |  851.6 |
        Temple |     23 |     23 |      0 |      0 |      0 |   1 |   23.0 |
      Gauntlet |    594 |    594 |      0 |    217 |    124 |   1 |  594.0 |
               +--------+--------+--------+--------+--------+-----+--------+

Top non-repeatable levels by time:
     D:9: 1244 daAuts
     D:2: 1216 daAuts
    D:10: 1115 daAuts
     D:7: 1060 daAuts
     D:5: 977 daAuts
     D:8: 926 daAuts
     D:6: 814 daAuts
     D:4: 696 daAuts
     D:3: 601 daAuts
Gauntlet: 594 daAuts
     D:1: 578 daAuts
    D:11: 138 daAuts
  Temple: 23 daAuts
